 Dungeon Crawl Stone Soup version 0.24.0-37-gcf1ca852f1 (webtiles) character file.

Game seed: 7838697417263210159, levelgen mode: deterministic

27465 mik3yw4y the Cleaver (level 13, -6/118 HPs)
             Began as a Minotaur Berserker on Nov 30, 2019.
             Was an Elder of Trog.
             Mangled by a large slime creature (30 damage)
             ... on level 13 of the Dungeon on Dec 1, 2019.
             The game lasted 01:56:39 (15024 turns).

mik3yw4y the Cleaver (Minotaur Berserker)          Turns: 15024, Time: 01:56:39

Health: -6/118     AC: 15    Str: 28    XL:     13   Next: 4%
Magic:  12/12      EV: 13    Int:  4    God:    Trog [****..]
Gold:   666        SH:  3    Dex: 11    Spells: 12/12 levels left

rFire    . . .     SeeInvis .   R - +2 war axe (freeze)
rCold    . . .     Gourm    .   (no shield)
rNeg     . . .     Faith    .   U - +0 plate armour
rPois    .         Spirit   .   a - +1 hat {MR+}
rElec    .         Reflect  +   M - +0 cloak
rCorr    .         Harm     .   (no gloves)
MR       ++...                  (no boots)
Stlth    ..........             E - +3 amulet of reflection
HPRegen  0.29/turn              H - ring of protection from magic
MPRegen  0.13/turn              W - +2 ring of strength

@: hasted, very quick
A: retaliatory headbutt, horns 2, subdued magic 1
a: Berserk, Trog's Hand, Brothers in Arms, Renounce Religion


You were on level 13 of the Dungeon.
You worshipped Trog.
Trog was greatly pleased with you.
You were not hungry.

You visited 2 branches of the dungeon, and saw 15 of its levels.

You collected 700 gold pieces.
You spent 34 gold pieces at shops.

Inventory:

Hand Weapons
 f - a +1 hand axe of flaming
 R - a +2 war axe of freezing (weapon)
Missiles
 m - 405 stones
 w - 9 javelins (quivered)
 x - 3 boomerangs
 F - 111 bolts
 O - 11 atropa-tipped darts
 S - 8 silver boomerangs
 V - 335 arrows
Armour
 a - a +1 hat of magic resistance (worn)
 G - the +5 scale mail of Depression {*Contam Int+6 Stlth+}
   (You found it on level 6 of the Dungeon)

   It affects your intelligence (+6).
   It causes magical contamination when unequipped.
   It makes you more stealthy.
 M - a +0 cloak (worn)
 U - a +0 plate armour (worn)
Jewellery
 g - a +5 ring of intelligence
 E - a +3 amulet of reflection (around neck)
 H - a ring of protection from magic (left hand)
 W - a +2 ring of strength (right hand)
Wands
 b - a wand of enslavement (8)
 s - a wand of iceblast (2)
 I - a wand of paralysis (9)
 N - a wand of flame (28)
 X - a wand of scattershot (6)
Scrolls
 i - a scroll of identify
 j - a scroll of fog {unknown}
 k - a scroll of summoning {unknown}
 o - a scroll of enchant weapon
 p - 3 scrolls of magic mapping
 v - 4 scrolls of enchant armour
 y - a scroll of silence {unknown}
 D - 3 scrolls of immolation
 J - 2 scrolls of teleportation
 Q - 6 scrolls of remove curse
 Z - 2 scrolls of fear
Potions
 d - 5 potions of flight
 e - a potion of magic
 h - a potion of degeneration {unknown}
 l - 5 potions of lignification
 r - a potion of agility
 t - 2 potions of invisibility
 z - 2 potions of curing
 A - 2 potions of cancellation
 C - a potion of resistance
 K - a potion of berserk rage
 P - 2 potions of might
 Y - a potion of mutation {unknown}
Miscellaneous
 n - a sack of spiders
 L - a lamp of fire (inert)
Comestibles
 c - 28 rations


   Skills:
 - Level 12.2 Fighting
 + Level 13.4 Axes
 + Level 10.9 Throwing
 + Level 7.0 Armour
 + Level 12.2 Dodging


You had 12 spell levels left.
You didn't know any spells.
Your spell library contained the following spells:

 Spells                   Type           Power        Failure   Level  Hunger
 Corona                   Hex            #......      99%         1    ##.....
 Magic Dart               Conj           #...         99%         1    ##.....
 Blink                    Tloc           N/A          100%        2    ###....
 Call Imp                 Summ           #.......     100%        2    ###....
 Slow                     Hex            #.......     100%        2    ###....
 Conjure Flame            Conj/Fire      #.......     100%        3    ####...
 Inner Flame              Hex/Fire       #.......     100%        3    ####...
 Mephitic Cloud           Conj/Pois/Air  #.......     100%        3    ####...
 Portal Projectile        Hex/Tloc       #.....       100%        3    ####...
 Cause Fear               Hex            #.........   100%        4    #####..
 Leda's Liquefaction      Hex/Erth       #.........   100%        4    #####..
 Bolt of Magma            Conj/Fire/Erth #.........   100%        5    ######.
 Iskenderun's Battlesphe  Conj/Chrm      #.......     100%        5    ######.
 Venom Bolt               Conj/Pois      #.........   100%        5    ######.
 Iron Shot                Conj/Erth      #.........   100%        6    #######
 Orb of Destruction       Conj           #.........   100%        7    #######
 Spellforged Servitor     Conj/Summ      #.........   100%        7    #######


Dungeon Overview and Level Annotations

Branches:
Dungeon (14/15)            Temple (0/1) D:6            Lair (1/6) D:10
    Orc (0/2) D:12         Vaults (0/5) D:13

Altars:
Dithmenos
Gozag
Nemelex Xobeh
Trog

Shops:
D:11 *   D:12 *

Annotations:
D:11 3 runed translucent doors, PoweredByCoffee's ghost, novice DEWz


Innate Abilities, Weirdness & Mutations

You reflexively headbutt those who attack you in melee.
You have a pair of horns on your head.
Your spells are a little easier to cast, but a little less powerful.


Message History

The slime creature is moderately wounded.
You slash the slime creature! You freeze the slime creature.
The slime creature hits you but does no damage.
You slice the slime creature!! You freeze the slime creature.
You headbutt the slime creature!
The slime creature is almost dead.
You hit the slime creature but do no damage.
You block the slime creature's attack. The slime creature hits you!
* * * LOW HITPOINT WARNING * * *
You barely miss the slime creature. You headbutt the slime creature!
You kill the slime creature!
Trog accepts your kill.
Your Armour skill increases to level 7!
You hit the slime creature. You freeze the slime creature.
The slime creature hits you!
* * * LOW HITPOINT WARNING * * *
Two slime creatures merge to form a large slime creature.
You feel yourself speed up. The large slime creature hits you!!
You die...

.............##
..............#
.............##
.............# #####
........>...####...##
.............##.....##
..............#......#
........###..#......##
####### ##.@.......##
#..J.......#
##.........##
#..........#
##.†.......#
##..####### #...##
#######...# #### #
........).###..#


You could see a large slime creature.

Vanquished Creatures
  Gastronok (D:8)
  Harold (D:11)
  A hydra (Lair:1)
  An ogre mage (D:13)
  8 two-headed ogres
  A death yak (D:10)
  4 ugly things
  A manticore (D:13)
  A cyclops (D:11)
  2 centaur zombies (D:12)
  Joseph (Lair:1)
  2 gargoyles
  2 komodo dragons (Lair:1)
  A tengu conjurer (D:13)
  A queen bee (shapeshifter) (D:13)
  2 trolls (D:11)
  4 hippogriffs
  4 slime creatures (D:13)
  4 blink frogs (Lair:1)
  A shadow (D:12)
  2 wyverns
  9 yaks
  A spriggan (D:7)
  Grum (Lair:1)
  A basilisk (D:10)
  3 hungry ghosts
  Menkaure (D:5)
  5 water moccasins
  A soldier ant (D:10)
  A porcupine (Lair:1)
  2 hornet zombies
  2 black bears
  6 orc warriors
  Purgy (D:3)
  4 phantoms
  4 ice beasts
  4 ogres
  5 sky beasts
  An eye of draining (D:10)
  4 wolves (Lair:1)
  7 centaurs
  5 crocodiles
  A big kobold (D:10)
  11 bullfrogs
  A scorpion (D:12)
  6 killer bees (D:10)
  8 wights
  2 howler monkeys (D:7)
  A crimson imp (D:8)
  2 bullfrog zombies (D:12)
  Crazy Yiuf (D:2)
  5 orc priests
  4 hounds
  5 jellies
  A centaur skeleton (D:7)
  A gnoll shaman (D:7)
  10 orc wizards
  Jessica (D:3)
  10 worker ants
  4 iguanas
  A hound zombie (D:5)
  3 hound skeletons
  2 worker ant zombies
  A howler monkey zombie (D:11)
  5 gnolls (D:7)
  8 adders
  3 shadow imps
  An ooze (D:7)
  3 worms
  2 dart slugs
  3 leopard geckos
  38 orcs
  A ball python (D:5)
  7 bats
  7 giant cockroaches
  9 goblins
  10 hobgoblins
  7 jackals
  13 kobolds
  6 quokkas
  13 frilled lizards
  A quokka skeleton (D:5)
  8 rats
  A fungus (D:10)
  A plant (Lair:1)
341 creatures vanquished.

Vanquished Creatures (collateral kills)
  A tengu warrior (D:13)
1 creature vanquished.

Grand Total: 342 creatures vanquished

Notes
Turn   | Place    | Note
-------+----------+-------------------------------------------
     0 | D:1      | mik3yw4y the Minotaur Berserker began the quest for the
                  | Orb.
     0 | D:1      | Reached XP level 1. HP: 19/19 MP: 0/0
   314 | D:1      | Reached XP level 2. HP: 27/27 MP: 1/1
   442 | D:1      | Reached skill level 4 in Axes
  1400 | D:1      | Reached XP level 3. HP: 33/33 MP: 2/2
  2227 | D:2      | Reached ** piety under Trog
  2889 | D:2      | Reached XP level 4. HP: 26/41 MP: 3/3
  2910 | D:2      | Found a sparkling altar of Nemelex Xobeh.
  3190 | D:2      | Found a runed translucent door.
  3191 | D:2      | Noticed Crazy Yiuf
  3196 | D:2      | Killed Crazy Yiuf
  3364 | D:3      | Found a bloodstained altar of Trog.
  3496 | D:3      | Noticed Purgy
  3511 | D:3      | Killed Purgy
  3511 | D:3      | Reached skill level 5 in Axes
  3511 | D:3      | Reached skill level 1 in Throwing
  3511 | D:3      | Reached XP level 5. HP: 31/47 MP: 4/4
  4095 | D:3      | Noticed Jessica
  4096 | D:3      | Killed Jessica
  4096 | D:3      | Reached skill level 5 in Fighting
  4553 | D:4      | Noticed an ogre
  4564 | D:4      | Killed an ogre
  4564 | D:4      | Reached XP level 6. HP: 38/56 MP: 5/5
  5187 | D:5      | Entered Level 5 of the Dungeon
  5202 | D:5      | Reached XP level 7. HP: 58/61 MP: 6/6
  5296 | D:5      | Reached skill level 6 in Axes
  5323 | D:5      | Noticed Menkaure
  5335 | D:5      | Killed Menkaure
  5335 | D:5      | Reached skill level 5 in Dodging
  5434 | D:5      | Reached *** piety under Trog
  5695 | D:5      | Reached XP level 8. HP: 45/71 MP: 7/7
  5929 | D:6      | Reached skill level 7 in Axes
  6002 | D:6      | Found a staircase to the Ecumenical Temple.
  6214 | D:6      | Got a jacinth-encrusted scale mail
  6225 | D:6      | Identified the +5 scale mail of Depression {*Contam Int+6
                  | Stlth+} (You found it on level 6 of the Dungeon)
  6245 | D:7      | Noticed a brown ugly thing
  6265 | D:6      | Killed a brown ugly thing
  6265 | D:6      | Reached skill level 5 in Throwing
  6436 | D:7      | Reached XP level 9. HP: 81/81 MP: 8/8
  6445 | D:7      | Reached skill level 8 in Axes
  7266 | D:8      | Received a gift from Trog
  7416 | D:8      | Noticed Gastronok
  7416 | D:8      | Noticed a two-headed ogre
  7423 | D:8      | Killed a two-headed ogre
  7423 | D:8      | Reached skill level 9 in Axes
  7439 | D:8      | Killed Gastronok
  7439 | D:8      | Reached XP level 10. HP: 82/93 MP: 9/9
  7459 | D:8      | Reached skill level 10 in Axes
  7555 | D:8      | Reached skill level 10 in Fighting
  7617 | D:8      | Noticed a two-headed ogre
  7624 | D:8      | Killed a two-headed ogre
  8076 | D:9      | Noticed a two-headed ogre
  8085 | D:9      | Killed a two-headed ogre
  8097 | D:9      | Got a warped silver ring
  8575 | D:10     | Entered Level 10 of the Dungeon
  8579 | D:10     | Received a gift from Trog
  8653 | D:10     | Reached XP level 11. HP: 101/101 MP: 10/10
  8658 | D:10     | Noticed a two-headed ogre
  8666 | D:10     | Killed a two-headed ogre
  8696 | D:10     | Received a gift from Trog
  8741 | D:10     | Noticed a two-headed ogre
  8751 | D:10     | Killed a two-headed ogre
  8751 | D:10     | Reached skill level 11 in Axes
  8858 | D:10     | Found a staircase to the Lair.
  8859 | D:10     | Noticed a death yak
  9201 | D:10     | Reached skill level 10 in Dodging
  9701 | D:10     | Received a gift from Trog
  9856 | D:10     | HP: 5/153 [death yak (21)]
  9858 | D:10     | Killed a death yak
 10263 | D:11     | Noticed a purple ugly thing
 10275 | D:11     | Killed a purple ugly thing
 10282 | D:11     | Found a shadowy altar of Dithmenos.
 10495 | D:11     | Noticed Harold
 10522 | D:11     | Killed Harold
 11194 | D:11     | Reached **** piety under Trog
 11226 | D:11     | Reached skill level 12 in Axes
 11288 | D:11     | Found a runed translucent gate.
 11289 | D:11     | Found a runed translucent gate.
 11289 | D:11     | Found an opulent altar of Gozag.
 11290 | D:11     | Found a runed translucent gate.
 11290 | D:11     | Found Pesa's Assorted Antiques.
 11290 | D:11     | Noticed a flayed ghost
 11290 | D:11     | Noticed PoweredByCoffee's ghost (novice DEWz)
 11290 | D:11     | Noticed a deep elf mage
 11429 | D:12     | Found a gate leading to a gauntlet.
 11429 | D:12     | Noticed a two-headed ogre
 11493 | D:11     | Killed a two-headed ogre
 11635 | D:12     | Reached XP level 12. HP: 110/112 MP: 11/11
 11728 | D:12     | Received a gift from Trog
 12024 | D:12     | Gained mutation: Your spells are a little easier to cast,
                  | but a little less powerful. [mutagenic glow]
 12102 | D:12     | Found a staircase to the Orcish Mines.
 12265 | D:12     | Found Giahuv's General Store.
 12390 | D:12     | Bought a scroll of identify for 34 gold pieces
 12581 | D:13     | Noticed a tengu warrior
 12675 | Lair:1   | Entered Level 1 of the Lair of Beasts
 12693 | Lair:1   | Noticed an eight-headed hydra
 12701 | Lair:1   | Killed a six-headed hydra
 12701 | Lair:1   | Reached skill level 10 in Throwing
 13279 | Lair:1   | Noticed Joseph
 13293 | Lair:1   | Killed Joseph
 13293 | Lair:1   | Reached skill level 5 in Armour
 13376 | Lair:1   | Noticed Grum
 13391 | Lair:1   | Killed Grum
 13599 | Lair:1   | Identified the cursed ring of the Furies {rN+ EV-5 Dex+3}
                  | (You found it on level 9 of the Dungeon)
 13842 | D:13     | Received a gift from Trog
 13946 | D:13     | Noticed a two-headed ogre
 13946 | D:13     | Noticed a two-headed ogre
 13950 | D:13     | Noticed an ogre mage
 13960 | D:13     | Killed a two-headed ogre
 13960 | D:13     | Reached skill level 13 in Axes
 14301 | D:13     | Killed a tengu warrior
 14544 | D:13     | Killed an ogre mage
 14946 | D:13     | Found a gate to the Vaults.
 14984 | D:13     | Reached XP level 13. HP: 63/118 MP: 12/12
 15024 | D:13     | Mangled by a large slime creature

Levels and vault maps discovered:
D:1:      elethiomel_arrival_maze, layout_loops_ring, moated_statue,
          minmay_lizard_pond
D:2:      layout_basic, lemuel_doored_altar, kennysheep_generic_room_2,
          uniq_crazy_yiuf_cottage
D:3:      layout_basic, minmay_strange_pillars, minmay_misc_feat_ornament,
          trog_book, uniq_purgy, uniq_jessica
D:4:      cheibrodos_pilgrimage, layout_basic, first_ration
D:5:      layout_loops_ring, minmay_curled_crystal, uniq_menkaure
D:6:      layout_rooms, minmay_temple_entry_tees
D:7:      layout_cave_pools, chequers_serial_rivers_room_b, the_bakery,
          minmay_misc_feat_tiny
D:8:      layout_cave_pods, uniq_gastronok
D:9:      layout_rooms
D:10:     layout_stronghold, david_lair_generic
D:11:     layout_roguey, ebering_ghost_gozag, nicolae_dithmenos_shadow_blocks,
          uniq_harold
D:12:     layout_big_octagon, orc_0_dummy, enter_bailey_3, serial_shops,
          shop_fountains, gauntlet_entry_generic
D:13:     layout_cave_pods, david_vaults_2
D:14:     minmay_expanding_squares, layout_loops_cross, bh_walls_and_bars,
          einodemon_armed_red_devil_minivault
Lair:1:   layout_roguey, uniq_joseph, uniq_grum

Skill      XL: |  1  2  3  4  5  6  7  8  9 10 11 12 13 |
---------------+----------------------------------------+-----
Fighting       | 4 5 6 7 9 10 12 | 12.2
Axes           | 4 5 6 7 9 10 12 13 | 13.4
Armour         | 3 6 7 |  7.0
Dodging        | 3 4 5 6 8 9 10 12 | 12.2
Throwing       | 1 2 3 5 7 8 9 10 | 10.9

Action                   |  1- 3 |  4- 6 |  7- 9 | 10-12 | 13-15 || total
-------------------------+-------+-------+-------+-------+-------++-------
Melee: Hand axe          |   128 |    38 |       |   194 |       ||   360
       Headbutt          |    18 |    13 |    20 |   137 |     5 ||   193
       War axe           |       |    11 |   160 |   164 |    11 ||   346
       Broad axe         |       |       |       |    77 |       ||    77
       Battleaxe         |       |       |       |    80 |       ||    80
Throw: Stone             |    34 |    12 |       |    99 |       ||   145
       Boomerang         |       |    55 |   145 |   107 |       ||   307
       Throwing net      |       |       |       |     1 |       ||     1
       Javelin           |       |       |       |    25 |       ||    25
Invok: Berserk           |     3 |     3 |     3 |     3 |       ||    12
       Trog's Hand       |     1 |     2 |     4 |     9 |       ||    16
       Brothers in Arms  |       |       |       |     1 |       ||     1
Evoke: Lamp of fire      |       |       |       |     1 |       ||     1
  Use: Scroll            |     5 |     4 |     5 |    12 |       ||    26
       Potion            |       |       |       |       |     1 ||     1
 Stab: Distracted        |       |       |       |     1 |       ||     1
       Held in net/web   |       |       |       |     1 |       ||     1
       Sleeping          |       |       |       |     1 |       ||     1
  Eat: Chunk             |     4 |     9 |    10 |    22 |       ||    45
       Ration            |     2 |       |       |     4 |       ||     6
Armor: Animal skin       |    15 |     9 |       |       |       ||    24
       Troll leather arm |       |    15 |    12 |       |       ||    27
       Scale mail        |       |       |    37 |   126 |       ||   163
       Plate armour      |       |       |       |    78 |     3 ||    81
Dodge: Dodged            |    76 |    38 |   100 |   299 |     3 ||   516
Block: Other             |       |       |     4 |    60 |     1 ||    65
       Reflection        |       |       |       |     2 |       ||     2
